 Dungeon Crawl Stone Soup version 0.31-a0-667-g39726597b9 (webtiles) character file.

Game seed: 10706290047796421873

101 jlumianski the Trooper (level 4, -1/52 HPs)
             Began as a Demonspawn Fighter on Sept 3, 2023.
             Slain by an ogre
             ... wielding a +0 giant spiked club
              (20 damage)
             ... on level 2 of the Dungeon.
             The game lasted 00:06:48 (1725 turns).

jlumianski the Trooper (Demonspawn Fighter)         Turns: 1725, Time: 00:06:49

Health: -1/52      AC: 22    Str: 18    XL:     4   Next: 48%
Magic:  4/4        EV:  2    Int: 10    God:
Gold:   49         SH:  0    Dex: 12    Spells: 3/3 levels left

rFire   . . .        a - +0 war axe
rCold   . . .        c - +0 buckler
rNeg    . . .        i - melded +0 chain mail
rPois   +            m - melded +1 helmet
rElec   .            (cloak currently unavailable)
rCorr   .            (gloves currently unavailable)
SInv    .            (boots currently unavailable)
Will    .....        (no amulet)
Stlth   +            (no ring)
HPRegen 0.28/turn    (no ring)
MPRegen 0.09/turn

%: no passive effects
@: confused, tree-form, ambrosia-drunk
A: stationary, stasis, torment immunity, boosted hp, (hooves 1), foul stench 1
a: no special abilities


You were on level 2 of the Dungeon.
You were a tree.
You visited 1 branch of the dungeon, and saw 3 of its levels.

You collected 49 gold pieces.

Inventory:

Hand Weapons
 a - a +0 war axe (weapon)
 e - a +1 dagger of speed
Missiles
 g - 6 stones (quivered)
Armour
 b - a +0 scale mail
 c - a +0 buckler (worn)
 i - a +0 chain mail (melded)
 m - a +1 helmet (melded)
Scrolls
 d - a scroll of poison {unknown}
 h - a scroll of teleportation {unknown}
 k - a scroll of torment {unknown}
 l - a scroll of noise {unknown}
 o - a scroll of enchant weapon {unknown}


   Skills:
 + Level 3.4 Fighting
 + Level 2.6 Axes
 + Level 3.4 Armour
 + Level 1.0 Dodging
 + Level 3.2 Shields


You had 3 spell levels left.
You didn't know any spells.
Your spell library contained the following spells:

 Spells                   Type           Power      Damage    Failure   Level
 Kiss of Death            Conj/Necr      0%         2d5       43%         1
 Lesser Beckoning         Tloc           0%         N/A       58%         2
 Confusing Touch          Hex            0%         N/A       82%         3
 Gell's Gravitas          Tloc           0%         N/A       82%         3
 Teleport Other           Tloc           0%         N/A       82%         3
 Dispel Undead            Necr           0%         3d6       99%         4


Dungeon Overview and Level Annotations

Branches:
Dungeon (3/15)

Altars:


Innate Abilities, Weirdness & Mutations

You are a tree.
Your roots penetrate the ground, keeping you stationary.
You cannot be teleported.
You are immune to unholy pain and torment.
Your maximum health is greatly increased.
Your equipment is partially melded.
((You have large cloven feet.))
You may rarely emit foul miasma when damaged in melee.


Message History

The hobgoblin is heavily wounded.
The hobgoblin hits you.
You slash the hobgoblin!
You kill the hobgoblin!
There is a stone staircase leading up here.
A quokka comes into view.
You block the quokka's attack.
You slash the quokka!
You kill the quokka!
You see here a quokka corpse.
The ogre shouts!
It was a potion of lignification.
You turn into a tree.
Your +1 helmet melds into your body.
Your +0 chain mail melds into your body.
Your roots penetrate the ground.
The ogre hits you with a +0 giant spiked club!
You hit the ogre.
The ogre is lightly wounded.
The ogre hits you but does no damage.
You completely miss the ogre.
The ogre is lightly wounded.
The ogre hits you with a +0 giant spiked club!
You hit the ogre.
The ogre is moderately wounded.
The ogre hits you with a +0 giant spiked club!
* * * LOW HITPOINT WARNING * * *
You emit a cloud of foul miasma!
You barely miss the ogre.
The ogre is moderately wounded.
The ogre is engulfed in dark miasma.
The ogre is poisoned.
The ogre hits you but does no damage.
It was a potion of ambrosia.
You are confused.
You feel invigorated.
You cannot move. (Use ctrl+direction or * direction to attack while stationary and confused.)
You barely miss the ogre.
The ogre is heavily wounded.
The ogre is engulfed in dark miasma.
The ogre looks even sicker.
The ogre hits you with a +0 giant spiked club!!
You die...

# #. . #. .. #.
#. # # #. .#.###
#.##......
#.♣O.....#
##.###.#.# #†#
#######.###.#.#
#...<.........#
###.#####.##....#
#.......#.# ....
#.#.###.#.# ..#
#.#.# #.#.. .#


You could see an ogre (very poisoned).

Vanquished Creatures
  Robin (D:2)
  A gnoll (D:1)
  2 adders (D:2)
  2 dart slugs
  4 ball pythons
  An endoplasm (D:1)
  A giant cockroach (D:1)
  14 goblins
  8 hobgoblins
  3 kobolds (D:1)
  3 quokkas (D:2)
  8 bats
  3 frilled lizards
  4 rats (D:1)
55 creatures vanquished.

Notes
Turn   | Place    | Note
-------+----------+-------------------------------------------
     0 | D:1      | jlumianski the Demonspawn Fighter began the quest for the
                  | Orb.
     0 | D:1      | Reached XP level 1. HP: 18/18 MP: 1/1
   177 | D:1      | Gained mutation: You may rarely emit foul miasma when
                  | damaged in melee. [demonic ancestry]
   177 | D:1      | Reached XP level 2. HP: 24/24 MP: 2/2
   258 | D:1      | Gained mutation: You have large cloven feet. [demonic
                  | ancestry]
   258 | D:1      | Reached XP level 3. HP: 11/29 MP: 3/3
  1152 | D:2      | Reached XP level 4. HP: 35/35 MP: 4/4
  1154 | D:2      | Noticed Robin
  1243 | D:2      | Killed Robin
  1244 | D:2      | Reached skill level 1 in Dodging
  1282 | D:2      | Noticed an ogre
  1725 | D:2      | Slain by an ogre

Illustrated notes

Levels and vault maps discovered:
D:1:      onia_arrival_pyramid, layout_loops_ring
D:2:      layout_loops_corners, uniq_robin, uniq_natasha
D:3:      layout_basic, lemuel_coloured_pillars_altar,
          mainiacjoe_overflow_six_doors_small

Skill      XL: |  1  2  3  4 |
---------------+-------------+-----
Shields        | 3 |  3.2
Armour         | 3 |  3.4
Axes           | 2 |  2.6
Dodging        | 1 |  1.0
Fighting       | |  3.4

Action                     |  1- 3 |  4- 6 || total
---------------------------+-------+-------++-------
  Melee: War axe           |    82 |    57 ||   139
         Kick              |    13 |     3 ||    16
  Throw: Stone             |     2 |       ||     2
    Use: Potion            |     1 |     2 ||     3
         Scroll            |       |     2 ||     2
 Armour: Scale mail        |    44 |       ||    44
         Chain mail        |    45 |    55 ||   100
         Skin              |       |     6 ||     6
  Dodge: Dodged            |    39 |    17 ||    56
  Block: Buckler           |    23 |    17 ||    40

Table legend: (Time is in decaauts)
 A = Elapsed time spent in this place.
 B = Non-inter-level travel time spent in this place.
 C = Inter-level travel time spent in this place.
 D = Time resting spent in this place.
 E = Time spent auto-exploring this place.
 F = Levels seen in this place.
 G = Mean time per level.
                   A        B        C        D        E       F      G
               +--------+--------+--------+--------+--------+-----+--------+
         Total |   1793 |   1755 |     38 |    138 |    764 |   3 |  597.7 |
       Dungeon |   1793 |   1755 |     38 |    138 |    764 |   3 |  597.7 |
               +--------+--------+--------+--------+--------+-----+--------+

Top non-repeatable levels by time:
     D:1: 1080 daAuts
     D:2: 709 daAuts
     D:3: 3 daAuts
